 Dungeon Sprint DCSS version 0.31-a0-816-gd61d57ddb1 (webtiles) character file.

Game seed: 12724033373366984597

778 Revguard the Grappler (level 7, -4/52 HPs)
             Began as an Octopode Shapeshifter on Sept 22, 2023.
             Was a Follower of Jiyva.
             Shot with a bolt by a yaktaur (22 damage)
             ... in the Dungeon (Sprint V: "Ziggurat Sprint").
             The game lasted 00:03:45 (335 turns).

Revguard the Grappler (Octopode Shapeshifter)        Turns: 335, Time: 00:03:46

Health: -4/52      AC:  5    Str: 27    XL:     7   Next: 85%
Magic:  7/7        EV: 18    Int: 13    God:    Jiyva [*.....]
Gold:   0          SH:  0    Dex: 23    Spells: 6/6 levels left

rFire   + .          .
                       - Unarmed
rCold   . . .        (shield currently unavailable)
rNeg    . . .        (helmet restricted)
rPois   +            (no amulet)
rElec   .            A - +6 ring of strength
rCorr   .            B - +6 ring of strength
SInv    .            w - +6 ring of dexterity
Will    .....        x - +6 ring of dexterity
Stlth   ++           v - ring of flight
HPRegen 1.08/turn    m - ring "Yjat Dur" {+Blink AC+4 Slay+2}
MPRegen 0.35/turn    G - ring of Waphonao {rPois rF+}
                     (no ring)

%: no teleportation
@: flux-form, flying, glowing, invisible (but backlit and visible)
A: glow, contaminating, almost no armour, amphibious, 8 rings, camouflage 1,
gelatinous body 1, (nimble swimmer 1), tentacles
a: Begin Untransformation, Renounce Religion, Evoke Blink


You were in the Dungeon.
You worshipped Jiyva.
Jiyva was aware of your devotion.
You were something dangerously unstable.
You visited 1 branch

Inventory:

Hand Weapons
 F - the +6 shillelagh "Devastator" {shatter}
   (You found it in the Dungeon)
Jewellery
 m - the ring "Yjat Dur" (on tentacle) {+Blink AC+4 Slay+2}
   (You found it in the Dungeon)

   [ring of protection]

   AC+4:      It affects your AC (+4).
   Slay+2:    It affects your accuracy & damage with ranged weapons and melee
   (+2).
   +Blink:    It lets you blink.
 v - a ring of flight (on tentacle)
 w - a +6 ring of dexterity (on tentacle)
 x - a +6 ring of dexterity (on tentacle)
 y - a +6 ring of intelligence
 z - a +6 ring of intelligence
 A - a +6 ring of strength (left tentacle)
 B - a +6 ring of strength (right tentacle)
 G - the ring of Waphonao (on tentacle) {rPois rF+}
   (You found it in the Dungeon)

   [ring of poison resistance]

   rF+:       It protects you from fire.
   rPois:     It protects you from poison
Talismans
 b - a beast talisman
 c - a flux talisman (active)
 C - a blade talisman
 D - a maw talisman
 E - a serpent talisman
Wands
 s - a wand of mindburst (5)
 t - a wand of iceblast (2)
 u - a wand of light (6)
Scrolls
 i - 3 scrolls of blinking
 o - 4 scrolls of amnesia
 p - 7 scrolls of fog
 q - 5 scrolls of identify
 r - 2 scrolls of fear
Potions
 a - a potion of lignification
 d - 10 potions of curing
 e - 7 potions of heal wounds
 f - 6 potions of haste
 g - 7 potions of magic
 h - 3 potions of berserk rage
 j - 2 potions of brilliance
 k - a potion of invisibility
 l - 4 potions of resistance
 n - 5 potions of might


   Skills:
 + Level 6.1 Fighting
 + Level 6.4 Dodging
 + Level 8.2 Stealth
 * Level 9.1 Unarmed Combat
 + Level 6.2 Evocations
 * Level 8.4 Shapeshifting


You had 6 spell levels left.
You didn't know any spells.
Your spell library was empty.

Dungeon Overview and Level Annotations

Branches:
Dungeon (1/1)

Altars:
Ashenzari
Cheibriados
Dithmenos
Elyvilon
Fedhas
Gozag
Hepliaklqana
Kikubaaqudgha
Makhleb
Nemelex Xobeh
Okawaru
Qazlal
Ru
Sif Muna
Trog
Uskayaw
Vehumet
Wu Jian
Xom
Yredelemnul
Zin
The Shining One
Jiyva
Lugonu

Annotations:
D 1 transporter


Innate Abilities, Weirdness & Mutations

You are something dangerously unstable.
You glow with magical radiation, making you easy to see and hit.
Foes you strike become dangerously contaminated with magical radiation.
You are incapable of wielding weapons or throwing items.
You cannot wear most types of armour.
You are amphibious.
You can wear up to eight rings at the same time.
Your skin changes colour to match your surroundings (Stealth+).
Your rubbery body absorbs attacks. (AC +1, EV +1)
((You are camouflaged when in or above water. (Stealth+)))
You have tentacles for arms and can constrict up to eight enemies at once.


Message History

The yaktaur is heavily wounded.
The yaktaur shoots a bolt.
The bolt closely misses you.
Aiming: Iceblast
Press: ? - help, Shift-Dir - straight line, f/p - centaur
Aim: a centaur, wielding a +0 shortbow (heavily wounded)
The mass of ice explodes!
The iceblast engulfs the centaur!
The centaur is severely wounded.
The iceblast engulfs the yaktaur!
The yaktaur is severely wounded.
The iceblast engulfs the yaktaur!!
The yaktaur is heavily wounded.
The iceblast engulfs the yaktaur!!
You kill the yaktaur!
The centaur shoots an arrow.
The arrow barely misses you.
The centaur shoots an arrow.
The arrow misses you.
The yaktaur wields a +0 arbalest.
The yaktaur shoots a bolt.
The bolt hits you!!
Ouch! That really hurt!
* * * LOW HITPOINT WARNING * * *
Your Dodging skill increases to level 6!
Your Stealth skill increases to level 8!
Your Evocations skill increases to level 6!
Your Shapeshifting skill increases to level 8!
Aiming: Iceblast
Press: ? - help, Shift-Dir - straight line, f/p - centaur
Aim: a centaur, wielding a +0 shortbow (severely wounded)
The mass of ice explodes!
The iceblast engulfs the centaur!
You kill the centaur!
The iceblast engulfs the yaktaur!
The yaktaur is almost dead.
The iceblast engulfs the yaktaur!
The yaktaur is severely wounded.
The yaktaur shoots a bolt.
The bolt closely misses you.
Your Fighting skill increases to level 6!
Your Unarmed Combat skill increases to level 9!
You feel much better.
The yaktaur shoots a bolt.
The bolt hits you!
* * * LOW HITPOINT WARNING * * *
The yaktaur shoots a bolt.
The bolt closely misses you.
You feel much better.
The yaktaur shoots a bolt.
The bolt hits you!!
You die...

▓▓▓▓▓▓▓▓▓▓▓▓▓▓▓▓▓▓▓
▓.8©8.▓.8©8.▓.8©8.▓
▓.[!:.▓.|||.▓.....▓
▓c.)..▓.....▓.†...▓
▓.)c..▓.....▓.....▓
▓.....▓.....▓.....▓
▓.....▓.....▓..©..▓
▓..p..▓..©..▓▓▓▓▓▓▓
▓▓▓▓▓▓▓▓▓▓▓▓▓


You could see 2 yaktaurs.

Vanquished Creatures
  A yaktaur (D)
  2 jumping spiders (D)
  A centaur (D)
  A necrophage (D)
  A scorpion (D)
  A bat skeleton (D)
7 creatures vanquished.

Vanquished Creatures (others)
  A ghost moth (shapeshifter) (D)
  A shock serpent (shapeshifter) (D)
  2 deep trolls (shapeshifter) (D)
  2 orb spiders (shapeshifter) (D)
  A shining eye (D)
  An ugly thing (D)
  A water nymph (shapeshifter) (D)
  An eye of devastation (shapeshifter) (D)
  A troll (shapeshifter) (D)
  A slime creature (shapeshifter) (D)
  A dream sheep (shapeshifter) (D)
  A slime creature (D)
  A yak (shapeshifter) (D)
15 creatures vanquished.

Grand Total: 22 creatures vanquished

Notes
Turn   | Place    | Note
-------+----------+-------------------------------------------
     0 | D        | Revguard the Octopode Shapeshifter began the quest for the
                  | Orb.
     0 | D        | Reached XP level 1. HP: 13/13 MP: 1/1
     0 | D        | Found a shimmering blue altar of Sif Muna.
     0 | D        | Found a bloodstained altar of Trog.
     0 | D        | Found a sacrificial altar of Ru.
     0 | D        | Found a stormy altar of Qazlal.
     0 | D        | Found an iron altar of Okawaru.
     1 | D        | Found a sparkling altar of Nemelex Xobeh.
     1 | D        | Found a blossoming altar of Fedhas.
     1 | D        | Found the +6 Majin-Bo {spellvamp, MP+6 Int+6}
     1 | D        | Found the +27 heavy crossbow "Sniper" {heavy, Acc+∞ SInv}
     1 | D        | Found the +10 dark maul {heavy}
     1 | D        | Found the +15 Maxwell's patent armour {-Cast -Tele rElec
                  | Will+ rCorr}
     1 | D        | Found the +18 shield of the Gong {Loud rN+ Will+ rCorr
                  | EV-5}
     1 | D        | Found the +16 obsidian axe {drain, demonic, Mesm Drain Fly
                  | SInv}
     1 | D        | Found the +7 great mace "Firestarter" {flame, immolate,
                  | rFlCloud rF++}
     1 | D        | Found the +6 shillelagh "Devastator" {shatter}
     1 | D        | Found the +11 plutonium sword {Contam Stlth-}
     1 | D        | Found the +8 lance "Wyrmbane" {slay drac, rPois rF+ rC+
                  | AC+3}
     1 | D        | Found the +9 sword of Zonguldrok {reap}
     1 | D        | Found the +13 scythe of Curses {drain, curses, Drain}
     1 | D        | Found the +9 sword of Power {lifebolt}
     1 | D        | Found the +7 mace of Variability {chaos, chaos arc}
     1 | D        | Found the +11 Singing Sword {sonic wave}
     1 | D        | Found the +8 storm bow {elec, penet}
     3 | D        | Found a transporter.
     3 | D        | Found an ancient bone altar of Kikubaaqudgha.
     3 | D        | Found a viscous altar of Jiyva.
     3 | D        | Found a corrupted altar of Lugonu.
     3 | D        | Found a hazy altar of Hepliaklqana.
     3 | D        | Found a burning altar of Makhleb.
     3 | D        | Found an opulent altar of Gozag.
    69 | D        | Became a worshipper of Jiyva Jaxeges the Shapeless
    72 | D        | Reached skill level 4 in Unarmed Combat
    72 | D        | Reached XP level 2. HP: 20/20 MP: 2/2
    75 | D        | Killed an orb spider
    80 | D        | Killed a shining eye
    83 | D        | Entered arena 2.
    83 | D        | Noticed a necrophage
    83 | D        | Found a transporter.
    85 | D        | Killed an orb spider
    87 | D        | Killed a necrophage
    88 | D        | Reached skill level 5 in Unarmed Combat
    88 | D        | Reached skill level 5 in Shapeshifting
    88 | D        | Reached XP level 3. HP: 21/26 MP: 3/3
    88 | D        | Reached XP level 4. HP: 26/31 MP: 4/4
    88 | D        | Killed a deep troll
    91 | D        | Got the ring "Yjat Dur" {+Blink AC+4 Slay+2}
    93 | D        | Killed a shock serpent
    93 | D        | Killed a yak
    94 | D        | Got the ring of Waphonao {rPois rF+}
    95 | D        | Killed a water nymph
   100 | D        | Killed a troll
   105 | D        | Entered arena 3.
   105 | D        | Noticed a jumping spider
   105 | D        | Noticed a scorpion
   105 | D        | Noticed a jumping spider
   105 | D        | Found a transporter.
   106 | D        | Killed an eye of devastation
   112 | D        | Killed a scorpion
   113 | D        | Reached skill level 5 in Stealth
   113 | D        | Reached skill level 6 in Unarmed Combat
   113 | D        | Reached XP level 5. HP: 21/37 MP: 5/5
   116 | D        | Killed a jumping spider
   117 | D        | Reached skill level 5 in Dodging
   117 | D        | Reached skill level 7 in Unarmed Combat
   117 | D        | Reached XP level 6. HP: 17/45 MP: 6/6
   117 | D        | Killed a jumping spider
   118 | D        | Reached skill level 5 in Fighting
   118 | D        | Reached skill level 8 in Unarmed Combat
   118 | D        | Reached skill level 5 in Evocations
   118 | D        | Reached XP level 7. HP: 19/50 MP: 7/7
   142 | D        | Killed a dream sheep
   160 | D        | Killed a slime creature
   165 | D        | Killed a slime creature
   173 | D        | Killed a deep troll
   181 | D        | Killed a brown ugly thing
   186 | D        | Killed a ghost moth
   329 | D        | Entered arena 4.
   329 | D        | Noticed a yaktaur
   329 | D        | Noticed a yaktaur
   329 | D        | Noticed a yaktaur
   329 | D        | Reached * piety under Jiyva
   329 | D        | Found a transporter.
   332 | D        | Killed a yaktaur
   332 | D        | HP: 2/50 [yaktaur/bolt (26)]
   334 | D        | Reached skill level 9 in Unarmed Combat
   335 | D        | Shot with a bolt by a yaktaur

Illustrated notes

Levels and vault maps discovered:
D:        sprint_v [room_start, room_1, room_2, room_3, room_4, room_5, room_6,
          room_7, room_8, room_9, room_10, room_11, room_12, room_13, room_14,
          room_15, room_16, room_17, room_18, room_19, room_20, room_21,
          room_22, room_23, room_24, room_25, room_26, room_27]

Skill      XL: |  1  2  3  4  5  6  7 |
---------------+----------------------+-----
Fighting       | 2 3 4 5 6 |  6.1
Dodging        | 3 4 5 6 |  6.4
Stealth        | 3 4 5 6 7 8 |  8.2
Unarmed Combat | 4 5 6 7 8 9 |  9.1
Evocations     | 2 3 4 5 6 |  6.2
Shapeshifting  | 4 5 6 7 8 |  8.4

Action                     |  1- 3 |  4- 6 |  7- 9 || total
---------------------------+-------+-------+-------++-------
  Melee: Unarmed           |     2 |     3 |       ||     5
         Constrict         |     1 |     1 |       ||     2
         Tentacles         |     1 |     1 |       ||     2
  Evoke: Wand              |       |     5 |     3 ||     8
    Use: Potion            |     1 |     1 |     3 ||     5
         Scroll            |       |     1 |       ||     1
   Stab: Sleeping          |     1 |     1 |       ||     2
 Armour: Skin              |     1 |     9 |     5 ||    15
  Dodge: Dodged            |       |     9 |     7 ||    16
   Form: Blade             |     1 |       |       ||     1
         Beast             |     1 |       |       ||     1
         Flux              |       |       |     1 ||     1

Table legend: (Time is in decaauts)
 A = Elapsed time spent in this place.
 B = Non-inter-level travel time spent in this place.
 C = Inter-level travel time spent in this place.
 D = Time resting spent in this place.
 E = Time spent auto-exploring this place.
 F = Levels seen in this place.
 G = Mean time per level.
                   A        B        C        D        E       F      G
               +--------+--------+--------+--------+--------+-----+--------+
         Total |    331 |    331 |      0 |    201 |      0 |   1 |  331.0 |
       Dungeon |    331 |    331 |      0 |    201 |      0 |   1 |  331.0 |
               +--------+--------+--------+--------+--------+-----+--------+

Top non-repeatable levels by time:
       D: 331 daAuts
